AoeStats
← hainguyennguyenthoi

Fortress

508438784Analyzed
3v3 RM · 11d ago on Sep 22, 2026· 71m 40s· 6 players
Game mode
Random Map
Map size
Large (8 player)
Population
200
Speed
Normal
Resources
Standard
Victory
Conquest
Starting age
Dark Age
Ending age
Imperial Age
RankedLock teamsTeams togetherTeam positionsShared explorationLock speedFull tech treeHidden civsTurbo modeCheats
Victory
Defeat
🇻🇳 Tatars · Vietnam
1337
+11
1320
+12
🇻🇳 Bohemians · Vietnam
1266
+14
🇨🇱 Teutons · Chile
1290
-14
🇨🇱 Saracens · Chile
1261
-14
🇨🇱 Franks · Chile
1139
-9
神速デュバリィ
4:48 Loom
6:40 Feudal Age
12:04 Castle Age
10:19 Double-Bit Axe
10:53 Horse Collar
12:41 Bow Saw
15:20 Stone Mining
15:39 Heavy Plow
17:49 Wheelbarrow
18:55 Fervor
20:40 Hand Cart
21:13 Town Watch
25:35 Imperial Age
23:38 Gold Mining
24:31 Husbandry
24:42 Bloodlines
25:13 Gold Shaft Mining
24:54 Scale Barding Armor
25:00 Forging
27:27 Two-Man Saw
27:10 Conscription
27:16 Chain Barding Armor
29:05 Plate Barding Armor
29:07 Iron Casting
31:03 Elite War Elephant
31:48 Devotion
34:02 Blast Furnace
32:35 Light Cavalry
33:22 Fletching
35:53 Crop Rotation
35:02 Hussar
38:20 Bodkin Arrow
38:26 Padded Archer Armor
39:32 Chemistry
38:52 Ballistics
38:53 Elite Skirmisher
39:41 Thumb Ring
40:48 Leather Archer Armor
42:11 Ring Archer Armor
41:54 Masonry
42:48 Caravan
43:00 Guilds
46:25 Pikeman
47:06 Squires
47:08 Scale Mail Armor
47:06 Heavy Camel Rider
54:08 Halberdier
56:39 Faith
57:47 Architecture
57:37 Chain Mail Armor
61:43 Gambesons
62:46 Plate Mail Armor
hainguyennguyenthoi
7:41 Feudal Age
9:53 Double-Bit Axe
12:39 Castle Age
11:21 Horse Collar
11:32 Gold Mining
14:22 Loom
21:04 Bow Saw
21:37 Heavy Plow
23:00 Wheelbarrow
22:12 Town Watch
26:01 Imperial Age
23:37 Fletching
24:35 Bloodlines
24:26 Husbandry
24:23 Bodkin Arrow
25:05 Ballistics
24:56 Fortified Wall
25:46 Padded Archer Armor
26:34 Hand Cart
27:00 Gold Shaft Mining
26:53 Bracer
27:56 Chemistry
28:59 Silk Armor
29:22 Conscription
30:10 Leather Archer Armor
29:38 Heavy Cavalry Archer
30:37 Forging
30:24 Murder Holes
30:41 Masonry
32:07 Timurid Siegecraft
33:19 Ring Archer Armor
33:25 Iron Casting
33:13 Elite Keshik
35:09 Scale Barding Armor
36:20 Blast Furnace
36:56 Chain Barding Armor
37:42 Caravan
38:12 Coinage
37:53 Guilds
40:25 Banking
40:49 Light Cavalry
41:49 Hussar
45:32 Plate Barding Armor
46:03 Crop Rotation
45:24 Stone Mining
53:36 Capped Ram
55:49 Siege Ram
62:24 Heavy Scorpion
68:02 Siege Engineers
67:49 Guard Tower
GAO++pro a>n
7:42 Feudal Age
6:01 Loom
7:46 Feudal Age
12:15 Castle Age
9:58 Horse Collar
10:24 Double-Bit Axe
24:22 Imperial Age
23:42 Chemistry
23:36 Padded Archer Armor
24:26 Wheelbarrow
24:24 Ballistics
25:51 Leather Archer Armor
29:10 Ring Archer Armor
30:55 Hand Cart
30:41 Heavy Plow
30:51 Bow Saw
32:35 Squires
32:17 Pikeman
32:59 Scale Mail Armor
33:44 Forging
33:24 Halberdier
36:18 Iron Casting
36:00 Chain Mail Armor
35:54 Elite Skirmisher
37:36 Plate Mail Armor
40:01 Blast Furnace
39:44 Fletching
40:29 Bodkin Arrow
41:25 Bracer
41:34 Wagenburg Tactics
46:39 Man-at-Arms
49:02 Caravan
50:23 Guilds
50:30 Guilds
51:40 Long Swordsman
57:06 Two-Handed Swordsman
59:14 Champion
67:52 Coinage
Druminado
6:08 Loom
7:54 Feudal Age
9:07 Double-Bit Axe
9:04 Horse Collar
12:58 Castle Age
14:12 Bow Saw
15:00 Heavy Plow
16:55 Wheelbarrow
18:27 Hand Cart
20:18 Gold Mining
21:09 Town Watch
22:00 Stone Mining
25:48 Imperial Age
23:33 Forging
23:24 Scale Mail Armor
24:28 Stone Shaft Mining
25:00 Iron Casting
25:21 Ironclad
25:21 Chain Mail Armor
26:12 Scale Barding Armor
27:18 Chain Barding Armor
27:16 Bloodlines
26:27 Cavalier
30:16 Plate Barding Armor
33:40 Blast Furnace
33:29 Plate Mail Armor
32:51 Fletching
33:34 Conscription
32:58 Paladin
34:15 Padded Archer Armor
34:02 Elite Skirmisher
36:56 Leather Archer Armor
36:38 Bodkin Arrow
38:09 Ring Archer Armor
38:30 Ballistics
39:13 Chemistry
40:19 Siege Engineers
48:02 Two-Man Saw
48:41 Guilds
48:38 Caravan
48:24 Capped Ram
50:28 Crop Rotation
55:01 Squires
54:22 Man-at-Arms
57:06 Pikeman
58:10 Halberdier
61:25 Elite Teutonic Knight
64:14 Arson
64:52 Heavy Scorpion
EzQL| Lordhuaiqui
0:28 Loom
7:56 Feudal Age
16:08 Castle Age
14:10 Double-Bit Axe
14:17 Gold Mining
16:23 Pikeman
17:26 #83
19:18 Bow Saw
20:59 Wheelbarrow
20:34 Squires
20:37 Scale Mail Armor
22:27 Stone Mining
25:49 Hand Cart
30:11 Imperial Age
28:36 Padded Archer Armor
28:26 Fletching
28:35 Elite Skirmisher
30:03 Leather Archer Armor
29:43 Bodkin Arrow
30:37 Chain Mail Armor
30:32 Forging
31:24 Gold Shaft Mining
31:26 Conscription
33:28 Plate Mail Armor
33:40 Hoardings
35:46 Ballistics
38:14 Chemistry
38:49 Iron Casting
38:00 Elite Throwing Axeman
38:59 Halberdier
43:48 Blast Furnace
ISRA10
7:29 Feudal Age
6:35 Loom
8:16 Loom
11:13 Castle Age
9:15 Double-Bit Axe
9:44 Gold Mining
9:59 Horse Collar
15:33 Fervor
16:47 Bow Saw
19:33 Wheelbarrow
18:45 Town Watch
21:40 Heavy Plow
26:20 Imperial Age
24:24 Stone Mining
25:17 Hand Cart
26:02 Gold Shaft Mining
26:41 Forging
26:50 Scale Barding Armor
27:26 Conscription
28:01 Iron Casting
27:37 Husbandry
27:48 Bloodlines
28:28 Chain Barding Armor
29:41 Blast Furnace
30:29 Plate Barding Armor
32:17 Elite Mameluke
33:02 Heavy Camel Rider
35:04 Heavy Camel Rider
45:23 Light Cavalry
50:22 Masonry
50:27 Fortified Wall
50:55 Caravan
53:51 Hussar
56:18 Murder Holes
66:44 Ballistics
67:25 Chemistry
Connection lost

Rejoining the realm…

Still unreachable

The connection could not be restored.

Session expired

The server has moved on; the page needs a fresh start.